 Dungeon Crawl Stone Soup version 0.31-a0-931-g7b59d4eb97 (webtiles) character file.

Game seed: 283062317314741478

1317 Persephone the Changeling (level 8, -20/75 HPs)
             Began as a Troll Shapeshifter on Oct 19, 2023.
             Was a Follower of Trog.
             Demolished by a two-headed ogre
             ... wielding a +0 giant club
              (24 damage)
             ... on level 6 of the Dungeon.
             The game lasted 00:07:17 (3399 turns).

Persephone the Changeling (Troll Shapeshifter)      Turns: 3399, Time: 00:07:17

Health: -20/75     AC:  4    Str: 25    XL:     8   Next: 33%
Magic:  7/7        EV:  9    Int:  6    God:    Trog [*.....]
Gold:   209        SH:  0    Dex:  9    Spells: 7/7 levels left

rFire   . .          .
                       - Unarmed
rCold   . . .        r - orb {light}
rNeg    . . .        g - +0 robe
rPois   .            (helmet currently unavailable)
rElec   .            (cloak currently unavailable)
rCorr   .            (gloves unavailable)
SInv    .            (boots unavailable)
Will    .....        (no amulet)
Stlth   +            (no ring)
HPRegen 1.12/turn    (no ring)
MPRegen 0.10/turn

%: no passive effects
@: beast-form, glowing
A: beast (slay +4), large, unfitting armour, claws 3, regeneration 1, shaggy fur
1, tough skin 1
a: Begin Untransformation, Renounce Religion, Berserk


You were on level 6 of the Dungeon.
You worshipped Trog.
Trog was aware of your devotion.
You were a hulking beast.
You visited 1 branch of the dungeon, and saw 6 of its levels.

You collected 209 gold pieces.

Inventory:

Armour
 a - a +0 animal skin
 e - the +1 hat "Aha Gof" {Will+}
   (You acquired it on level 5 of the Dungeon)

   Will+:     It increases your willpower.
 g - a +0 robe (worn)
 r - an orb of light (worn)
Talismans
 c - a beast talisman (active)
 d - a flux talisman
 o - a storm talisman
Scrolls
 f - 2 scrolls of teleportation
 h - 6 scrolls of identify
 l - 2 scrolls of vulnerability
 m - a scroll of blinking
 p - a scroll of fear
Potions
 b - a potion of brilliance
 i - a potion of haste {unknown}
 j - 2 potions of heal wounds {unknown}
 k - a potion of resistance {unknown}
 n - a potion of ambrosia {unknown}


   Skills:
 + Level 3.2 Fighting
 - Level 1.5 Dodging
 * Level 6.1 Unarmed Combat
 + Level 7.7 Shapeshifting


You had 7 spell levels left.
You didn't know any spells.
Your spell library contained the following spells:

 Spells                   Type           Power      Damage    Failure   Level
 Slow                     Hex            0%         N/A       45%         1
 Cigotuvi's Dreadful Rot  Necr/Pois/Air  0%         N/A       58%         2
 Ensorcelled Hibernation  Hex/Ice        0%         N/A       58%         2
 Passwall                 Tmut/Erth      0%         N/A       58%         2
 Confusing Touch          Hex            0%         N/A       83%         3
 Ignite Poison            Fire/Tmut/Pois 0%         N/A       83%         3
 Sigil of Binding         Hex            0%         N/A       83%         3
 Swiftness                Air            0%         N/A       83%         3
 Vampiric Draining        Necr           0%         2d6       83%         3
 Freezing Cloud           Conj/Ice/Air   0%         6-21      100%        5


Dungeon Overview and Level Annotations

Branches:
Dungeon (6/15)             Temple (0/1) D:6

Altars:
Elyvilon
Fedhas
Trog
Vehumet

Shops:
D:4 (   D:6 (

Annotations:
D:3 2 transporters


Innate Abilities, Weirdness & Mutations

You are a hulking beast.
Your limbs bulge with bestial killing power. (Slay +4)
You are too large for most types of armour.
You have claws for hands.
Your natural rate of healing is unusually fast.
You are covered in fur. (AC +1)
You have tough skin. (AC +1)


Message History

You see here 9 gold pieces.
A white imp is nearby!
A white imp is nearby!
A white imp is nearby!
The white imp puffs mist at you.
You see here a +0 scale mail.
You claw the white imp!
You kill the white imp!
Trog accepts your kill.
No target in view!
No target in view!
No target in view!
No target in view!
No target in view!
No target in view!
No target in view!
You now have 209 gold pieces (gained 9).
You see here a +0 scale mail.
A two-headed ogre comes into view. It is wielding two +0 giant clubs.
The two-headed ogre shouts in stereo!
A two-headed ogre is nearby!
A two-headed ogre is nearby!
A two-headed ogre is nearby!
Okay, then.
Okay, then.
You see here an adder corpse.
Items here: ( )))) [[[ ††††.
The two-headed ogre hits you with a +0 giant club! x2
You claw the two-headed ogre!
The two-headed ogre is moderately wounded.
The two-headed ogre hits you with a +0 giant club!!
The two-headed ogre hits you but does no damage.
You claw the two-headed ogre!
The two-headed ogre is heavily wounded.
You scratch the two-headed ogre.
The two-headed ogre is heavily wounded.
The two-headed ogre hits you with a +0 giant club!!
* * * LOW HITPOINT WARNING * * *
The two-headed ogre hits you with a +0 giant club!!
You die...

.#..###.......#####.#
#..## #..........##.# #.#
.#.# #.......##.##.# #.#
#..# ###...#.##.##.#.# #.#
.. #........).....# #.#
#.#.##.######### ##.###
#.#.#...### ....#
#.#...#...####### #.#.#
#.##....#h#.....# #O#.###
#.#....##O#.....# #...[.#
....#..##.......#.####.#.#
###...###.#.....#......#.#
#..####.#.....#####.....
#.....††####### #.###.
#..####.#### #.# #.
.#.......# #.###.
#..........# ####.....


You could see a two-headed ogre.

Vanquished Creatures
  Sigmund (D:2)
  Edmund (D:6)
  A black bear (D:5)
  2 ogres
  2 scorpions
  3 hounds (D:5)
  2 orc priests (D:5)
  2 jellies
  A sleepcap (D:5)
  4 iguanas
  4 orc wizards
  Natasha (D:3)
  3 gnolls (D:3)
  5 adders
  A white imp (D:6)
  A worm (D:3)
  3 dart slugs
  19 orcs
  8 endoplasms
  4 giant cockroaches
  8 goblins
  7 hobgoblins
  2 quokkas
  6 ball pythons
  2 bats (D:1)
  2 frilled lizards
  5 kobolds
  4 rats
104 creatures vanquished.

Notes
Turn   | Place    | Note
-------+----------+-------------------------------------------
     0 | D:1      | Persephone the Troll Shapeshifter began the quest for the
                  | Orb.
     0 | D:1      | Reached XP level 1. HP: 18/18 MP: 0/0
   255 | D:1      | Reached XP level 2. HP: 26/26 MP: 1/1
   399 | D:2      | Found a white marble altar of Elyvilon.
   417 | D:2      | Reached skill level 4 in Shapeshifting
   420 | D:2      | Reached XP level 3. HP: 28/32 MP: 2/2
   471 | D:2      | Noticed Sigmund
   480 | D:2      | Killed Sigmund
   481 | D:2      | Reached skill level 5 in Shapeshifting
   481 | D:2      | Reached XP level 4. HP: 26/40 MP: 3/3
   481 | D:2      | Reached XP level 5. HP: 30/46 MP: 4/4
   850 | D:3      | Reached skill level 6 in Shapeshifting
   904 | D:3      | Noticed Natasha
   908 | D:3      | Killed Natasha
   909 | D:3      | Reached XP level 6. HP: 49/54 MP: 5/5
  1114 | D:3      | Found a transporter.
  1155 | D:3      | Found a transporter.
  1342 | D:3      | Reached skill level 7 in Shapeshifting
  1715 | D:4      | Reached skill level 1 in Fighting
  1773 | D:4      | Found Bant's Antique Weapon Shop.
  1775 | D:4      | Reached XP level 7. HP: 62/62 MP: 6/6
  2173 | D:4      | Found a blossoming altar of Fedhas.
  2182 | D:4      | Found a radiant altar of Vehumet.
  2353 | D:5      | Entered Level 5 of the Dungeon
  2586 | D:5      | Found a bloodstained altar of Trog.
  2619 | D:5      | Became a worshipper of Trog the Wrathful
  2642 | D:5      | Reached skill level 5 in Unarmed Combat
  2788 | D:5      | Reached XP level 8. HP: 59/74 MP: 7/7
  3028 | D:5      | Identified a scroll of acquirement
  3028 | D:5      | Acquired the +1 hat "Aha Gof" {Will+}
  3099 | D:6      | Noticed Edmund
  3107 | D:6      | Killed Edmund
  3153 | D:6      | Found a staircase to the Ecumenical Temple.
  3281 | D:6      | Reached * piety under Trog
  3339 | D:6      | Found Ihotzyek's Weapon Shoppe.
  3360 | D:6      | Noticed a two-headed ogre
  3399 | D:6      | Demolished by a two-headed ogre

Illustrated notes

Levels and vault maps discovered:
D:1:      mrwooster_arrival_statue_3, layout_rooms
D:2:      layout_rooms, basic_altar, uniq_sigmund
D:3:      gammafunk_steamed_eel, layout_basic, minivault_25, hex_large,
          minmay_misc_feat_chi, uniq_natasha
D:4:      layout_loops_ring, minitemple, serial_shops, shop
D:5:      layout_loops_ring, mainiacjoe_overflow_24_doors, kennysheep_potato
D:6:      layout_loops_cross, mainiacjoe_overflow_alcove_1,
          minmay_temple_entry_grid, serial_shops, shop, uniq_edmund

Skill      XL: |  1  2  3  4  5  6  7  8 |
---------------+-------------------------+-----
Shapeshifting  | 4 5 6 7 |  7.7
Fighting       | 1 2 3 |  3.2
Unarmed Combat | 5 6 |  6.1
Dodging        | |  1.5

Action                     |  1- 3 |  4- 6 |  7- 9 || total
---------------------------+-------+-------+-------++-------
  Melee: Unarmed           |    43 |    87 |   111 ||   241
         Punch             |     1 |     1 |       ||     2
    Use: Potion            |       |     1 |       ||     1
         Scroll            |       |       |    11 ||    11
   Stab: Sleeping          |     1 |       |       ||     1
 Armour: Animal skin       |    25 |       |       ||    25
         Robe              |       |    52 |    74 ||   126
         Skin              |       |     2 |       ||     2
  Dodge: Dodged            |    10 |    26 |    31 ||    67
         Form:             |       |       |     1 ||     1
         Beast             |       |       |     1 ||     1
         Flux              |       |       |     1 ||     1

Table legend: (Time is in decaauts)
 A = Elapsed time spent in this place.
 B = Non-inter-level travel time spent in this place.
 C = Inter-level travel time spent in this place.
 D = Time resting spent in this place.
 E = Time spent auto-exploring this place.
 F = Levels seen in this place.
 G = Mean time per level.
                   A        B        C        D        E       F      G
               +--------+--------+--------+--------+--------+-----+--------+
         Total |   3380 |   3263 |    117 |      0 |   2544 |   6 |  563.3 |
       Dungeon |   3380 |   3263 |    117 |      0 |   2544 |   6 |  563.3 |
               +--------+--------+--------+--------+--------+-----+--------+

Top non-repeatable levels by time:
     D:3: 773 daAuts
     D:4: 749 daAuts
     D:5: 732 daAuts
     D:2: 445 daAuts
     D:1: 376 daAuts
     D:6: 303 daAuts
